[ AOE2 MATCH · #467491695 ]
UnrankedSicilians vs Cumans
[ REPLAY ANALYSIS · EXTRACTED FROM THE RECORDED GAME ]
Feudal
11:25
Castle
15:10
Imperial
35:22
| APM avg | 46.3 |
| APM peak | 88 |
| eAPM avg | 25.8 |
| Villagers / military | 145 / 139 |
Focus
⚔️ 33.3% · 🌾 66.7%
Knight ×71 · Spearman ×47 · Scout Cavalry ×21
Feudal
8:59
Castle
22:41
Imperial
28:48
| APM avg | 31.3 |
| APM peak | 70 |
| eAPM avg | 21.6 |
| Villagers / military | 145 / 174 |
Focus
⚔️ 28.2% · 🌾 71.8%
Steppe Lancer ×111 · Scout Cavalry ×53 · Battering Ram ×5 · Trebuchet (Packed) ×5
Feudal
9:44
Castle
13:43
Imperial
35:11
| APM avg | 54.2 |
| APM peak | 90 |
| eAPM avg | 20.3 |
| Villagers / military | 71 / 40 |
Focus
⚔️ 31.4% · 🌾 68.6%
Organ Gun ×21 · Monk ×16 · Petard ×2 · Mangonel ×1
Feudal
11:09
Castle
15:15
Imperial
34:40
| APM avg | 45.0 |
| APM peak | 66 |
| eAPM avg | 26.1 |
| Villagers / military | 148 / 95 |
Focus
⚔️ 35.1% · 🌾 64.9%
Coustillier ×89 · Battering Ram ×3 · Petard ×2 · Spearman ×1
Feudal
10:57
Castle
14:31
Imperial
35:39
| APM avg | 30.0 |
| APM peak | 60 |
| eAPM avg | 12.9 |
| Villagers / military | 105 / 73 |
Focus
⚔️ 35.0% · 🌾 65.0%
Skirmisher ×32 · Hand Cannoneer ×25 · Spearman ×6 · Monk ×4 · Scorpion ×3 · Battering Ram ×3
Feudal
10:31
Castle
14:26
Imperial
34:41
| APM avg | 38.3 |
| APM peak | 75 |
| eAPM avg | 26.5 |
| Villagers / military | 195 / 53 |
Focus
⚔️ 29.5% · 🌾 70.5%
Longbowman ×42 · Monk ×8 · Mangonel ×3
Feudal
12:23
Castle
15:54
Imperial
28:08
| APM avg | 54.4 |
| APM peak | 95 |
| eAPM avg | 26.0 |
| Villagers / military | 85 / 92 |
Focus
⚔️ 22.1% · 🌾 77.9%
Plumed Archer ×71 · Trebuchet (Packed) ×14 · Monk ×3 · Petard ×2 · Mangonel ×2
Feudal
10:17
Castle
18:01
Imperial
36:39
| APM avg | 28.7 |
| APM peak | 79 |
| eAPM avg | 16.8 |
| Villagers / military | 177 / 79 |
Focus
⚔️ 26.1% · 🌾 73.9%
Shrivamsha Rider ×41 · Camel Scout ×27 · Scout Cavalry ×7 · Trebuchet (Packed) ×4
Match map
Initial resources + every placement click. Lines = walls · curves = elevation contours. ◆ gold · ⬟ stone · ● berries · ✦ relic · ◌ wall gap
Your base· ✓ Closed at 15:10 · 0t walls · 3 gate(s)
bfish's base· ✓ Closed at 22:41 · 1t walls · 2 gate(s)
Fluffy Chirp's base· ✓ Closed at 13:43 · 0t walls · 2 gate(s)
the_llamatoast's base· ✓ Closed at 15:15 · 0t walls · 3 gate(s)
JadeArrowGamer's base· ✓ Closed at 14:31 · 0t walls · 3 gate(s)
Fs.Diablo's base· ✓ Closed at 14:26 · 0t walls · 3 gate(s)
NaaVyii_'s base· ✓ Closed at 15:54 · 0t walls · 2 gate(s)
Lightning's base· ✓ Closed at 18:01 · 0t walls · 2 gate(s)
Smoothed initial terrain · ◌ = detected wall gap · hover for details
Inputs per minute
— avatar_tp - - bfish
Build order — avatar_tp
First 150 of 439 actions detected
| 0:00 | Create | Villager (Male) |
| 0:01 | Create | Villager (Male) |
| 0:01 | Create | Villager (Male) |
| 0:04 | Build | House |
| 0:05 | Build | House |
| 0:42 | Create | Villager (Male) |
| 1:41 | Create | Villager (Male) |
| 1:46 | Build | Lumber Camp |
| 1:59 | Create | Villager (Male) |
| 2:35 | Create | Villager (Male) |
| 2:52 | Create | Villager (Male) |
| 3:12 | Create | Villager (Male) |
| 3:34 | Build | House |
| 3:48 | Create | Villager (Male) |
| 3:49 | Create | Villager (Male) |
| 4:05 | Build | Mill |
| 4:14 | Create | Villager (Male) |
| 4:31 | Create | Villager (Male) |
| 5:06 | Create | Villager (Male) |
| 5:38 | Create | Villager (Male) |
| 5:49 | Create | Villager (Male) |
| 5:53 | Build | House |
| 5:54 | Build | House |
| 5:59 | Build | Mill |
| 6:23 | Build | Farm |
| 6:40 | Create | Villager (Male) |
| 6:53 | Create | Villager (Male) |
| 7:11 | Create | Villager (Male) |
| 7:38 | Build | Farm |
| 7:40 | Build | Farm |
| 7:47 | Create | Villager (Male) |
| 7:58 | Create | Villager (Male) |
| 8:26 | Create | Villager (Male) |
| 8:30 | Build | Farm |
| 8:59 | Build | Mining Camp |
| 9:02 | Research | Feudal Age |
| 9:25 | Create | Villager (Male) |
| 9:25 | Create | Villager (Male) |
| 9:54 | Build | Barracks |
| 11:25 | Age | Feudal Age |
| 11:27 | Build | Market |
| 11:50 | Build | Stable |
| 12:30 | Research | Castle Age |
| 12:32 | Research | Double-Bit Axe |
| 12:50 | Research | Horse Collar |
| 13:13 | Create | Spearman |
| 13:33 | Create | Scout Cavalry |
| 13:37 | Build | Farm |
| 13:56 | Build | House |
| 13:58 | Build | House |
| 14:04 | Create | Scout Cavalry |
| 14:47 | Create | Villager (Male) |
| 15:10 | Age | Castle Age |
| 15:13 | Create | Knight |
| 15:15 | Create | Villager (Male) |
| 15:19 | Build | Town Center |
| 15:23 | Build | Town Center |
| 15:31 | Create | Knight |
| 15:44 | Create | Villager (Male) |
| 15:56 | Build | Farm |
| 15:56 | Build | Farm |
| 15:56 | Build | Farm |
| 15:56 | Build | Farm |
| 15:57 | Build | Farm |
| 15:59 | Create | Villager (Male) |
| 16:04 | Build | Farm |
| 16:20 | Create | Villager (Male) |
| 16:24 | Build | Farm |
| 16:24 | Build | Farm |
| 16:30 | Create | Knight |
| 16:39 | Create | Villager (Male) |
| 16:47 | Build | Farm |
| 17:08 | Create | Villager (Male) ×2 |
| 17:19 | Create | Villager (Male) |
| 17:23 | Build | Farm |
| 17:27 | Build | Farm |
| 17:27 | Build | Farm |
| 17:28 | Build | Farm |
| 17:28 | Build | Farm |
| 17:28 | Build | Farm |
| 17:46 | Create | Villager (Male) ×3 |
| 18:09 | Create | Knight |
| 18:16 | Build | Farm |
| 18:16 | Build | Farm |
| 18:17 | Build | Farm |
| 18:17 | Build | Farm |
| 18:17 | Build | Farm |
| 18:17 | Build | Farm |
| 18:18 | Build | Farm |
| 18:19 | Create | Villager (Male) |
| 18:27 | Create | Villager (Male) |
| 18:33 | Build | House |
| 18:34 | Build | House |
| 18:52 | Create | Villager (Male) |
| 19:02 | Create | Villager (Male) |
| 19:10 | Build | Mill |
| 19:11 | Build | Farm |
| 19:11 | Build | Farm |
| 19:11 | Build | Farm |
| 19:11 | Build | Farm |
| 19:12 | Build | Farm |
| 19:13 | Create | Villager (Male) |
| 19:25 | Create | Villager (Male) |
| 19:29 | Build | Farm |
| 19:30 | Build | Farm |
| 19:30 | Build | Farm |
| 19:30 | Build | Farm |
| 19:31 | Build | Farm |
| 19:33 | Create | Villager (Male) |
| 19:41 | Create | Villager (Male) |
| 19:44 | Build | House |
| 19:45 | Build | House |
| 19:45 | Build | House |
| 19:45 | Build | House |
| 20:00 | Create | Villager (Male) ×2 |
| 20:17 | Create | Villager (Male) ×2 |
| 20:47 | Create | Villager (Male) ×4 |
| 20:56 | Build | Farm |
| 20:56 | Build | Farm |
| 20:56 | Build | Farm |
| 20:57 | Build | Farm |
| 20:57 | Build | Farm |
| 20:59 | Build | Farm |
| 21:00 | Build | Farm |
| 21:00 | Build | Farm |
| 21:00 | Build | Farm |
| 21:01 | Build | Farm |
| 21:07 | Create | Villager (Male) ×2 |
| 21:18 | Create | Knight |
| 21:44 | Create | Villager (Male) ×4 |
| 21:47 | Build | House |
| 21:48 | Build | House |
| 21:48 | Build | House |
| 21:48 | Build | House |
| 21:48 | Build | House |
| 21:53 | Build | Farm |
| 21:53 | Build | Farm |
| 21:53 | Build | Farm |
| 21:53 | Build | Farm |
| 21:54 | Build | Farm |
| 22:09 | Create | Scout Cavalry |
| 22:11 | Create | Villager (Male) ×5 |
| 22:16 | Build | Stable |
| 22:28 | Build | Farm |
| 22:29 | Build | Farm |
| 22:31 | Create | Villager (Male) |
| 22:32 | Create | Knight |
| 22:36 | Build | Farm |
| 22:40 | Create | Villager (Male) ×3 |
| 22:56 | Create | Villager (Male) ×2 |
Build order — bfish
First 150 of 378 actions detected
| 0:02 | Create | Villager (Male) ×4 |
| 0:03 | Build | House |
| 0:04 | Build | House |
| 1:25 | Create | Villager (Male) |
| 1:59 | Create | Villager (Male) |
| 2:29 | Create | Villager (Male) |
| 2:29 | Create | Villager (Male) |
| 2:29 | Create | Villager (Male) |
| 2:34 | Build | Lumber Camp |
| 2:56 | Create | Villager (Male) |
| 2:56 | Create | Villager (Male) |
| 3:37 | Create | Villager (Male) |
| 3:38 | Create | Villager (Male) |
| 3:55 | Build | House |
| 4:16 | Create | Villager (Male) |
| 4:42 | Create | Villager (Male) |
| 4:43 | Create | Villager (Male) |
| 4:57 | Build | Mill |
| 5:57 | Create | Villager (Male) |
| 6:49 | Research | Feudal Age |
| 8:59 | Age | Feudal Age |
| 9:04 | Create | Villager (Male) |
| 9:05 | Build | Town Center |
| 9:09 | Research | Double-Bit Axe |
| 9:10 | Research | Horse Collar |
| 9:14 | Create | Villager (Male) |
| 9:29 | Create | Villager (Male) |
| 9:38 | Build | House |
| 9:44 | Research | Wheelbarrow |
| 10:15 | Create | Villager (Male) |
| 10:36 | Build | Farm |
| 10:38 | Build | Farm |
| 10:43 | Build | Farm |
| 10:46 | Build | Farm |
| 10:53 | Create | Villager (Male) |
| 11:04 | Create | Villager (Male) |
| 11:07 | Build | Farm |
| 11:08 | Build | Farm |
| 11:13 | Build | Farm |
| 11:16 | Create | Villager (Male) |
| 11:18 | Build | House |
| 11:33 | Build | Farm |
| 11:42 | Create | Villager (Male) |
| 11:42 | Create | Villager (Male) |
| 11:52 | Build | Farm |
| 12:14 | Create | Villager (Male) |
| 12:16 | Create | Villager (Male) |
| 12:16 | Create | Villager (Male) |
| 12:18 | Build | Farm |
| 12:36 | Build | Farm |
| 12:42 | Create | Villager (Male) |
| 12:42 | Create | Villager (Male) |
| 12:49 | Build | Farm |
| 13:00 | Build | House |
| 13:08 | Create | Villager (Male) |
| 13:11 | Create | Villager (Male) |
| 13:13 | Build | Farm |
| 13:23 | Build | Farm |
| 13:24 | Create | Villager (Male) |
| 13:24 | Create | Villager (Male) |
| 13:24 | Create | Villager (Male) |
| 13:41 | Build | Farm |
| 13:48 | Build | Farm |
| 13:49 | Create | Villager (Male) |
| 13:54 | Create | Villager (Male) |
| 13:54 | Create | Villager (Male) |
| 14:09 | Build | Farm |
| 14:10 | Create | Villager (Male) |
| 14:23 | Create | Villager (Male) |
| 14:24 | Create | Villager (Male) |
| 14:44 | Build | Market |
| 14:48 | Build | House |
| 14:50 | Create | Villager (Male) |
| 14:50 | Create | Villager (Male) |
| 15:02 | Build | House |
| 15:10 | Build | Palisade Wall |
| 15:17 | Build | House |
| 15:19 | Build | House |
| 15:23 | Build | House |
| 15:27 | Build | House |
| 15:32 | Research | Loom |
| 15:34 | Create | Villager (Male) |
| 15:34 | Create | Villager (Male) |
| 15:37 | Build | Mining Camp |
| 15:55 | Build | House |
| 16:06 | Build | Watch Tower |
| 16:17 | Create | Villager (Male) |
| 16:17 | Create | Villager (Male) |
| 16:24 | Build | Blacksmith |
| 16:35 | Build | Watch Tower |
| 16:45 | Create | Villager (Male) |
| 16:45 | Create | Villager (Male) |
| 16:52 | Build | Farm |
| 17:02 | Build | House |
| 17:04 | Research | Fletching |
| 17:05 | Research | Fletching |
| 17:15 | Build | House |
| 17:21 | Build | House |
| 17:31 | Create | Villager (Male) |
| 17:31 | Create | Villager (Male) |
| 17:36 | Build | Farm |
| 17:40 | Build | Farm |
| 17:41 | Build | Farm |
| 17:43 | Build | Farm |
| 17:44 | Build | Farm |
| 17:46 | Build | Farm |
| 17:47 | Create | Villager (Male) |
| 17:54 | Create | Villager (Male) |
| 18:07 | Create | Villager (Male) |
| 18:08 | Create | Villager (Male) |
| 18:38 | Build | Mill |
| 18:39 | Build | Farm |
| 18:40 | Build | Farm |
| 18:41 | Build | Farm |
| 18:44 | Create | Villager (Male) |
| 18:50 | Build | Farm |
| 18:52 | Create | Villager (Male) |
| 18:56 | Create | Villager (Male) |
| 18:57 | Create | Villager (Male) |
| 19:01 | Build | Farm |
| 19:24 | Build | House |
| 19:26 | Create | Villager (Male) |
| 19:27 | Create | Villager (Male) |
| 19:35 | Build | Lumber Camp |
| 19:42 | Build | Farm |
| 19:44 | Build | Farm |
| 19:47 | Build | Farm |
| 20:00 | Research | Castle Age |
| 20:02 | Create | Villager (Male) |
| 20:02 | Create | Villager (Male) |
| 20:36 | Create | Villager (Male) |
| 20:36 | Create | Villager (Male) |
| 20:39 | Build | Farm |
| 21:34 | Create | Villager (Male) |
| 21:47 | Build | House |
| 21:47 | Build | House |
| 22:11 | Create | Villager (Male) |
| 22:11 | Create | Villager (Male) |
| 22:12 | Build | Farm |
| 22:14 | Build | Farm |
| 22:16 | Build | Farm |
| 22:41 | Age | Castle Age |
| 22:43 | Build | University |
| 22:58 | Build | Town Center |
| 23:00 | Create | Villager (Male) |
| 23:00 | Create | Villager (Male) |
| 23:03 | Build | Town Center |
| 23:08 | Research | Bow Saw |
| 23:12 | Research | Bodkin Arrow |
| 23:17 | Create | Villager (Male) |
Build order — Fluffy Chirp
First 150 of 209 actions detected
| 0:00 | Create | Villager (Male) |
| 0:00 | Create | Villager (Male) |
| 0:00 | Create | Villager (Male) |
| 0:00 | Create | Villager (Male) |
| 0:02 | Build | House |
| 0:03 | Build | House |
| 0:56 | Build | Mill |
| 1:34 | Create | Villager (Male) |
| 2:01 | Create | Villager (Male) |
| 2:17 | Create | Villager (Male) |
| 2:45 | Create | Villager (Male) |
| 3:01 | Create | Villager (Male) |
| 3:30 | Create | Villager (Male) |
| 3:30 | Create | Villager (Male) |
| 3:34 | Build | House |
| 3:39 | Create | Villager (Male) |
| 3:52 | Create | Villager (Male) |
| 4:28 | Create | Villager (Male) ×2 |
| 4:35 | Build | Lumber Camp |
| 4:45 | Create | Villager (Male) |
| 4:58 | Create | Villager (Male) |
| 5:15 | Build | House |
| 5:17 | Create | Villager (Male) |
| 5:44 | Create | Villager (Male) |
| 6:30 | Build | Mining Camp |
| 7:01 | Create | Villager (Male) |
| 7:34 | Research | Feudal Age |
| 9:08 | Create | Villager (Male) |
| 9:09 | Research | Loom |
| 9:44 | Age | Feudal Age |
| 9:47 | Build | Market |
| 9:51 | Build | Blacksmith |
| 11:03 | Research | Castle Age |
| 11:03 | Research | Castle Age |
| 13:43 | Age | Castle Age |
| 13:56 | Create | Villager (Male) |
| 13:56 | Create | Villager (Male) |
| 14:06 | Build | Lumber Camp |
| 14:29 | Build | House |
| 14:42 | Build | Castle |
| 14:51 | Create | Villager (Male) |
| 14:51 | Create | Villager (Male) |
| 14:54 | Build | Farm |
| 14:56 | Build | Farm |
| 14:58 | Build | Farm |
| 14:59 | Build | Farm |
| 15:16 | Build | Farm |
| 15:43 | Create | Villager (Male) |
| 15:45 | Create | Organ Gun |
| 16:04 | Create | Villager (Male) |
| 16:06 | Build | Farm |
| 16:09 | Build | Farm |
| 16:18 | Create | Villager (Male) |
| 16:27 | Build | Mining Camp |
| 17:09 | Create | Villager (Male) |
| 17:23 | Create | Organ Gun |
| 17:39 | Create | Villager (Male) |
| 18:01 | Create | Organ Gun |
| 18:06 | Create | Organ Gun |
| 18:08 | Create | Villager (Male) |
| 18:14 | Build | Farm |
| 18:17 | Build | Farm |
| 18:32 | Create | Villager (Male) |
| 18:33 | Create | Organ Gun |
| 18:46 | Create | Organ Gun |
| 18:47 | Create | Villager (Male) |
| 18:56 | Create | Petard |
| 19:09 | Build | Farm |
| 19:11 | Build | Farm |
| 19:18 | Create | Petard |
| 19:21 | Create | Villager (Male) |
| 19:39 | Build | Monastery |
| 19:57 | Create | Villager (Male) |
| 20:00 | Create | Organ Gun |
| 20:02 | Build | House |
| 20:07 | Create | Monk |
| 20:08 | Create | Monk |
| 20:27 | Create | Organ Gun |
| 20:52 | Create | Organ Gun |
| 20:53 | Create | Villager (Male) |
| 20:53 | Create | Villager (Male) |
| 21:09 | Create | Villager (Male) |
| 21:33 | Build | Monastery |
| 21:36 | Create | Villager (Male) |
| 21:47 | Create | Villager (Male) |
| 21:58 | Research | Sanctity |
| 21:58 | Research | Fervor |
| 22:00 | Create | Villager (Male) |
| 22:06 | Create | Organ Gun |
| 22:06 | Create | Organ Gun |
| 22:33 | Create | Villager (Male) |
| 23:06 | Research | Redemption |
| 23:11 | Create | Villager (Male) |
| 23:20 | Create | Villager (Male) |
| 23:38 | Build | House |
| 23:50 | Create | Monk |
| 23:50 | Create | Monk |
| 23:51 | Create | Villager (Male) |
| 23:51 | Create | Villager (Male) |
| 24:17 | Create | Organ Gun |
| 24:18 | Create | Villager (Male) |
| 24:18 | Create | Villager (Male) |
| 24:42 | Create | Villager (Male) |
| 24:50 | Create | Monk |
| 24:50 | Create | Monk |
| 24:52 | Create | Villager (Male) |
| 24:54 | Build | House |
| 25:24 | Create | Villager (Male) |
| 25:24 | Create | Organ Gun |
| 25:40 | Create | Monk |
| 25:40 | Create | Monk |
| 25:49 | Build | House |
| 25:50 | Build | House |
| 26:17 | Create | Villager (Male) |
| 26:18 | Create | Monk |
| 26:18 | Create | Monk |
| 26:20 | Build | House |
| 27:01 | Create | Villager (Male) |
| 27:05 | Create | Monk |
| 27:06 | Create | Monk |
| 27:32 | Create | Villager (Male) |
| 27:41 | Create | Organ Gun |
| 27:41 | Create | Organ Gun |
| 27:44 | Create | Monk |
| 27:44 | Create | Monk |
| 28:37 | Create | Villager (Male) |
| 28:39 | Create | Organ Gun |
| 28:39 | Create | Organ Gun |
| 29:07 | Create | Villager (Male) |
| 29:08 | Create | Villager (Male) |
| 29:30 | Create | Mangonel |
| 29:31 | Create | Villager (Male) |
| 29:31 | Create | Villager (Male) |
| 29:33 | Create | Organ Gun |
| 29:33 | Create | Organ Gun |
| 29:37 | Build | House |
| 30:39 | Create | Villager (Male) |
| 32:01 | Research | Imperial Age |
| 32:11 | Create | Organ Gun |
| 32:11 | Create | Organ Gun |
| 32:38 | Create | Monk |
| 32:38 | Create | Monk |
| 32:54 | Create | Villager (Male) |
| 34:16 | Build | Town Center |
| 34:19 | Build | Barracks |
| 34:24 | Research | Padded Archer Armor |
| 34:51 | Build | Archery Range |
| 34:53 | Build | Archery Range |
| 34:56 | Build | Archery Range |
| 34:59 | Research | Leather Archer Armor |
Build order — the_llamatoast
First 150 of 401 actions detected
| 0:01 | Create | Villager (Male) |
| 0:01 | Create | Villager (Male) |
| 0:01 | Create | Villager (Male) |
| 0:02 | Create | Villager (Male) |
| 0:03 | Build | House |
| 0:06 | Build | House |
| 0:30 | Build | House |
| 1:29 | Create | Villager (Male) |
| 1:45 | Build | Lumber Camp |
| 2:02 | Create | Villager (Male) |
| 2:25 | Create | Villager (Male) |
| 2:51 | Create | Villager (Male) |
| 3:13 | Research | Double-Bit Axe |
| 3:34 | Create | Villager (Male) |
| 3:57 | Create | Villager (Male) |
| 4:13 | Build | House |
| 4:22 | Create | Villager (Male) |
| 4:36 | Build | House |
| 4:44 | Create | Villager (Male) |
| 4:44 | Create | Villager (Male) |
| 5:10 | Create | Villager (Male) |
| 5:42 | Create | Villager (Male) |
| 5:55 | Build | Mill |
| 6:22 | Create | Villager (Male) |
| 6:25 | Research | Horse Collar |
| 6:25 | Research | Horse Collar |
| 6:53 | Create | Villager (Male) |
| 6:53 | Create | Villager (Male) |
| 6:55 | Build | Farm |
| 7:15 | Build | Farm |
| 7:35 | Create | Villager (Male) |
| 7:36 | Build | Farm |
| 7:53 | Create | Villager (Male) |
| 8:07 | Create | Villager (Male) |
| 8:14 | Build | Farm |
| 8:26 | Build | Mining Camp |
| 8:56 | Research | Feudal Age |
| 9:11 | Build | Farm |
| 9:17 | Build | House |
| 9:44 | Create | Villager (Male) |
| 10:49 | Build | Mill |
| 11:09 | Age | Feudal Age |
| 11:12 | Build | Market |
| 11:18 | Build | Blacksmith |
| 11:25 | Create | Villager (Male) |
| 11:57 | Create | Villager (Male) |
| 12:12 | Build | Mining Camp |
| 12:35 | Research | Castle Age |
| 13:04 | Build | Farm |
| 13:05 | Build | Farm |
| 13:25 | Create | Villager (Male) |
| 13:27 | Build | House |
| 14:00 | Research | Bow Saw |
| 15:04 | Research | Heavy Plow |
| 15:15 | Age | Castle Age |
| 15:16 | Build | Castle |
| 15:22 | Create | Villager (Male) |
| 15:38 | Research | Scale Barding Armor |
| 15:45 | Create | Villager (Male) |
| 15:59 | Create | Villager (Male) |
| 16:04 | Create | Villager (Male) |
| 16:07 | Create | Coustillier |
| 16:12 | Create | Coustillier |
| 16:16 | Build | Farm |
| 16:17 | Build | Farm |
| 16:30 | Create | Coustillier |
| 16:35 | Research | Loom |
| 16:39 | Build | Farm |
| 16:50 | Create | Villager (Male) |
| 16:59 | Create | Coustillier |
| 17:16 | Create | Villager (Male) |
| 17:29 | Create | Coustillier |
| 17:41 | Create | Coustillier |
| 17:56 | Build | Farm |
| 18:00 | Create | Coustillier |
| 18:07 | Create | Villager (Male) |
| 18:17 | Create | Villager (Male) |
| 18:33 | Create | Villager (Male) |
| 18:35 | Build | Farm |
| 18:38 | Create | Coustillier |
| 18:47 | Build | Farm |
| 18:48 | Create | Coustillier |
| 19:02 | Create | Villager (Male) |
| 19:03 | Create | Villager (Male) |
| 19:19 | Create | Coustillier |
| 19:32 | Create | Coustillier |
| 19:37 | Create | Villager (Male) |
| 19:48 | Create | Villager (Male) |
| 19:51 | Build | House |
| 19:52 | Build | House |
| 20:00 | Build | Farm |
| 20:02 | Create | Villager (Male) |
| 20:05 | Create | Coustillier |
| 20:23 | Create | Villager (Male) |
| 20:27 | Create | Coustillier |
| 20:34 | Create | Villager (Male) |
| 20:36 | Build | Town Center |
| 20:57 | Create | Coustillier |
| 21:11 | Create | Coustillier |
| 21:26 | Create | Coustillier |
| 21:40 | Create | Villager (Male) |
| 21:56 | Build | Town Center |
| 21:58 | Create | Villager (Male) |
| 22:02 | Create | Coustillier |
| 22:21 | Build | Farm |
| 22:22 | Build | Farm |
| 22:24 | Build | Farm |
| 22:25 | Create | Villager (Male) |
| 22:35 | Create | Villager (Male) |
| 22:42 | Create | Villager (Male) |
| 22:51 | Build | Farm |
| 22:52 | Build | Farm |
| 22:52 | Build | Farm |
| 22:52 | Build | Farm |
| 22:53 | Build | Farm |
| 23:09 | Create | Villager (Male) |
| 23:15 | Create | Coustillier |
| 23:36 | Create | Coustillier |
| 23:43 | Create | Coustillier |
| 23:53 | Build | Farm |
| 23:53 | Build | Farm |
| 23:53 | Build | Farm |
| 23:54 | Build | Farm |
| 23:55 | Create | Coustillier |
| 24:06 | Build | Farm |
| 24:12 | Create | Villager (Male) |
| 24:15 | Build | Farm |
| 24:16 | Build | Farm |
| 24:25 | Research | Wheelbarrow |
| 24:26 | Create | Villager (Male) |
| 24:35 | Build | Farm |
| 24:38 | Create | Villager (Male) |
| 24:54 | Create | Coustillier |
| 24:56 | Create | Villager (Male) |
| 25:03 | Create | Coustillier |
| 25:08 | Create | Villager (Male) |
| 25:17 | Create | Villager (Male) |
| 25:21 | Build | Farm |
| 25:32 | Create | Villager (Male) |
| 25:38 | Create | Villager (Male) |
| 25:38 | Create | Villager (Male) |
| 25:41 | Create | Coustillier |
| 25:52 | Build | Town Center |
| 25:54 | Create | Villager (Male) |
| 26:01 | Create | Coustillier |
| 26:01 | Create | Coustillier |
| 26:03 | Create | Villager (Male) |
| 26:05 | Create | Villager (Male) |
| 26:11 | Build | House |
| 26:12 | Build | House |
Build order — JadeArrowGamer
First 150 of 249 actions detected
| 0:02 | Create | Villager (Male) ×4 |
| 0:03 | Build | House |
| 0:04 | Build | House |
| 1:33 | Create | Villager (Male) |
| 1:56 | Create | Villager (Male) |
| 2:20 | Build | Lumber Camp |
| 2:27 | Create | Villager (Male) |
| 2:41 | Create | Villager (Male) |
| 3:07 | Create | Villager (Male) |
| 3:08 | Create | Villager (Male) |
| 3:58 | Build | House |
| 4:10 | Create | Villager (Male) ×2 |
| 4:15 | Build | Mill |
| 4:46 | Create | Villager (Male) |
| 5:20 | Create | Villager (Male) |
| 5:20 | Create | Villager (Male) |
| 5:20 | Create | Villager (Male) |
| 5:21 | Create | Villager (Male) |
| 5:49 | Create | Villager (Male) |
| 5:58 | Build | House |
| 6:39 | Create | Villager (Male) |
| 6:40 | Create | Villager (Male) |
| 7:10 | Create | Villager (Male) |
| 7:10 | Create | Villager (Male) |
| 7:30 | Build | Farm |
| 7:31 | Build | Farm |
| 7:32 | Build | Farm |
| 8:39 | Build | Mining Camp |
| 8:47 | Research | Feudal Age |
| 8:57 | Build | House |
| 10:02 | Create | Villager (Male) |
| 10:02 | Create | Villager (Male) |
| 10:57 | Age | Feudal Age |
| 10:59 | Build | Market |
| 11:00 | Build | Blacksmith |
| 11:51 | Research | Castle Age |
| 12:20 | Research | Double-Bit Axe |
| 12:21 | Research | Horse Collar |
| 12:53 | Build | Farm |
| 12:53 | Build | Farm |
| 12:54 | Build | Farm |
| 12:54 | Build | Farm |
| 13:25 | Build | Barracks |
| 14:26 | Create | Villager (Male) |
| 14:26 | Create | Villager (Male) |
| 14:31 | Age | Castle Age |
| 14:33 | Build | Siege Workshop |
| 14:40 | Create | Villager (Male) |
| 15:08 | Create | Battering Ram |
| 15:13 | Create | Spearman |
| 15:13 | Create | Spearman |
| 15:18 | Build | House |
| 15:21 | Create | Villager (Male) |
| 15:27 | Build | House |
| 15:54 | Create | Villager (Male) |
| 15:59 | Create | Battering Ram |
| 16:09 | Build | House |
| 16:23 | Create | Villager (Male) |
| 16:25 | Create | Spearman |
| 16:56 | Build | Monastery |
| 17:01 | Create | Villager (Male) |
| 17:04 | Create | Spearman |
| 17:27 | Create | Villager (Male) |
| 17:41 | Create | Villager (Male) |
| 17:47 | Build | Farm |
| 17:47 | Build | Farm |
| 17:49 | Create | Monk |
| 17:49 | Create | Monk |
| 18:03 | Create | Villager (Male) |
| 18:37 | Create | Villager (Male) |
| 18:41 | Build | University |
| 18:43 | Build | Farm |
| 18:44 | Build | Farm |
| 18:45 | Build | Farm |
| 18:59 | Research | Fervor |
| 19:18 | Create | Villager (Male) |
| 19:19 | Create | Villager (Male) |
| 19:39 | Build | House |
| 19:39 | Build | House |
| 19:40 | Build | House |
| 19:40 | Build | House |
| 19:50 | Create | Battering Ram |
| 19:54 | Research | Chemistry |
| 19:55 | Create | Villager (Male) |
| 19:58 | Build | Town Center |
| 20:06 | Build | House |
| 20:07 | Build | House |
| 20:41 | Create | Spearman |
| 20:41 | Create | Spearman |
| 20:56 | Create | Monk |
| 20:58 | Build | Barracks |
| 21:02 | Create | Villager (Male) |
| 21:36 | Create | Villager (Male) |
| 21:39 | Create | Villager (Male) |
| 21:39 | Create | Villager (Male) |
| 21:43 | Build | Archery Range |
| 21:57 | Create | Villager (Male) |
| 21:58 | Research | Wheelbarrow |
| 22:03 | Build | Archery Range |
| 22:09 | Build | House |
| 22:14 | Build | Farm |
| 22:24 | Build | Farm |
| 22:39 | Create | Scorpion |
| 23:00 | Create | Hand Cannoneer |
| 23:01 | Create | Hand Cannoneer |
| 23:01 | Create | Hand Cannoneer |
| 23:01 | Create | Hand Cannoneer |
| 23:21 | Create | Hand Cannoneer |
| 23:22 | Create | Villager (Male) |
| 23:26 | Build | Farm |
| 23:27 | Build | Farm |
| 23:27 | Build | Farm |
| 23:27 | Build | Farm |
| 23:27 | Build | Farm |
| 23:49 | Create | Monk |
| 23:55 | Create | Villager (Male) |
| 23:59 | Build | Mining Camp |
| 24:01 | Research | Loom |
| 24:13 | Create | Scorpion |
| 24:15 | Create | Hand Cannoneer |
| 24:15 | Create | Hand Cannoneer |
| 24:17 | Create | Villager (Male) |
| 24:17 | Create | Villager (Male) |
| 24:29 | Build | House |
| 24:35 | Build | House |
| 24:50 | Create | Villager (Male) |
| 24:50 | Create | Villager (Male) |
| 24:54 | Create | Hand Cannoneer |
| 24:54 | Create | Hand Cannoneer |
| 25:12 | Create | Villager (Male) |
| 25:15 | Create | Scorpion |
| 25:30 | Build | Castle |
| 25:38 | Build | Farm |
| 25:39 | Build | Farm |
| 25:39 | Build | Farm |
| 25:39 | Build | Farm |
| 25:40 | Build | Farm |
| 25:44 | Create | Villager (Male) |
| 25:44 | Create | Villager (Male) |
| 26:13 | Create | Villager (Male) |
| 26:14 | Create | Villager (Male) |
| 26:19 | Create | Villager (Male) ×2 |
| 26:26 | Create | Villager (Male) |
| 26:38 | Create | Villager (Male) |
| 26:58 | Create | Villager (Male) |
| 27:11 | Create | Villager (Male) |
| 27:18 | Build | Mill |
| 27:19 | Build | Farm |
| 27:19 | Build | Farm |
| 27:19 | Build | Farm |
Build order — Fs.Diablo
First 150 of 411 actions detected
| 0:01 | Create | Villager (Male) |
| 0:01 | Create | Villager (Male) |
| 0:02 | Create | Villager (Male) |
| 0:03 | Build | House |
| 0:04 | Build | House |
| 0:11 | Create | Villager (Male) |
| 0:11 | Create | Villager (Male) |
| 1:21 | Create | Villager (Male) |
| 1:37 | Build | Lumber Camp |
| 1:47 | Create | Villager (Male) |
| 2:25 | Create | Villager (Male) |
| 2:25 | Create | Villager (Male) |
| 2:30 | Create | Villager (Male) |
| 2:59 | Build | House |
| 3:00 | Create | Villager (Male) |
| 3:28 | Build | Mill |
| 3:40 | Create | Villager (Male) |
| 3:40 | Create | Villager (Male) |
| 3:40 | Create | Villager (Male) |
| 4:24 | Create | Villager (Male) |
| 4:24 | Create | Villager (Male) |
| 4:46 | Create | Villager (Male) |
| 4:49 | Create | Villager (Male) |
| 4:53 | Create | Villager (Male) |
| 4:53 | Create | Villager (Male) |
| 4:59 | Build | House |
| 5:14 | Create | Villager (Male) |
| 6:35 | Create | Villager (Male) |
| 6:35 | Create | Villager (Male) |
| 6:41 | Create | Villager (Male) |
| 6:52 | Build | Mill |
| 7:17 | Create | Villager (Male) |
| 7:25 | Build | House |
| 7:35 | Build | Mining Camp |
| 7:58 | Create | Villager (Male) |
| 8:14 | Research | Feudal Age |
| 8:14 | Research | Feudal Age |
| 8:55 | Build | Farm |
| 8:55 | Build | Farm |
| 9:23 | Create | Villager (Male) |
| 10:09 | Create | Villager (Male) |
| 10:31 | Age | Feudal Age |
| 10:33 | Build | Market |
| 10:52 | Build | Blacksmith |
| 11:09 | Create | Villager (Male) |
| 11:28 | Build | House |
| 11:39 | Research | Castle Age |
| 12:01 | Research | Double-Bit Axe |
| 12:34 | Research | Horse Collar |
| 12:39 | Build | Farm |
| 12:52 | Build | Farm |
| 12:57 | Build | Farm |
| 12:58 | Build | Farm |
| 13:07 | Build | House |
| 13:38 | Create | Villager (Male) |
| 13:38 | Create | Villager (Male) |
| 14:04 | Build | House |
| 14:26 | Age | Castle Age |
| 14:30 | Build | Town Center |
| 14:39 | Build | Town Center |
| 14:43 | Research | Bow Saw |
| 14:51 | Build | House |
| 15:18 | Create | Villager (Male) |
| 15:20 | Build | Farm |
| 15:26 | Build | Farm |
| 15:27 | Create | Villager (Male) |
| 15:28 | Create | Villager (Male) |
| 15:30 | Build | Farm |
| 15:43 | Build | Farm |
| 15:44 | Build | Farm |
| 15:46 | Create | Villager (Male) |
| 15:46 | Create | Villager (Male) |
| 15:49 | Build | Farm |
| 15:49 | Build | Farm |
| 15:55 | Create | Villager (Male) |
| 16:10 | Create | Villager (Male) |
| 16:13 | Build | Farm |
| 16:14 | Build | Farm |
| 16:20 | Build | Farm |
| 16:23 | Create | Villager (Male) |
| 16:23 | Create | Villager (Male) |
| 16:34 | Build | House |
| 16:35 | Build | House |
| 16:41 | Create | Villager (Male) |
| 16:41 | Create | Villager (Male) |
| 16:46 | Build | Farm |
| 16:49 | Build | Farm |
| 16:51 | Create | Villager (Male) |
| 16:56 | Build | Farm |
| 17:08 | Build | Farm |
| 17:10 | Create | Villager (Male) |
| 17:11 | Create | Villager (Male) |
| 17:11 | Create | Villager (Male) |
| 17:26 | Build | Farm |
| 17:27 | Create | Villager (Male) |
| 17:35 | Create | Villager (Male) |
| 17:36 | Create | Villager (Male) |
| 17:52 | Build | Farm |
| 17:52 | Build | Farm |
| 17:54 | Create | Villager (Male) |
| 17:57 | Create | Villager (Male) |
| 17:57 | Create | Villager (Male) |
| 18:02 | Build | House |
| 18:04 | Create | Villager (Male) |
| 18:04 | Create | Villager (Male) |
| 18:04 | Create | Villager (Male) |
| 18:15 | Build | Farm |
| 18:18 | Build | Farm |
| 18:22 | Create | Villager (Male) |
| 18:25 | Research | Wheelbarrow |
| 18:29 | Build | Farm |
| 18:31 | Create | Villager (Male) |
| 18:51 | Build | Monastery |
| 18:56 | Build | House |
| 18:59 | Create | Villager (Male) |
| 19:00 | Create | Villager (Male) |
| 19:00 | Create | Villager (Male) |
| 19:00 | Create | Villager (Male) |
| 19:15 | Create | Villager (Male) |
| 19:16 | Create | Villager (Male) |
| 19:25 | Research | Loom |
| 19:37 | Build | Siege Workshop |
| 19:40 | Create | Monk |
| 19:42 | Create | Villager (Male) |
| 19:42 | Create | Villager (Male) |
| 19:51 | Create | Villager (Male) |
| 20:05 | Create | Villager (Male) |
| 20:05 | Build | Farm |
| 20:08 | Build | Farm |
| 20:11 | Create | Villager (Male) |
| 20:19 | Build | House |
| 20:23 | Create | Mangonel |
| 20:23 | Create | Mangonel |
| 20:48 | Build | House |
| 20:59 | Create | Monk |
| 21:01 | Create | Villager (Male) |
| 21:01 | Create | Villager (Male) |
| 21:06 | Build | Farm |
| 21:34 | Create | Villager (Male) |
| 21:34 | Create | Villager (Male) |
| 21:49 | Create | Villager (Male) |
| 22:00 | Create | Villager (Male) |
| 22:00 | Create | Villager (Male) |
| 22:02 | Build | Farm |
| 22:06 | Build | Farm |
| 22:08 | Create | Villager (Male) |
| 22:08 | Create | Villager (Male) |
| 22:09 | Create | Villager (Male) |
| 22:15 | Build | Farm |
| 22:21 | Create | Villager (Male) |
Build order — NaaVyii_
First 150 of 279 actions detected
| 0:05 | Research | Loom |
| 0:05 | Research | Loom |
| 0:05 | Create | Villager (Male) |
| 0:07 | Build | House |
| 0:09 | Build | House |
| 0:16 | Create | Villager (Male) |
| 0:17 | Create | Villager (Male) |
| 1:25 | Create | Villager (Male) |
| 1:25 | Create | Villager (Male) |
| 1:56 | Create | Villager (Male) |
| 1:56 | Create | Villager (Male) |
| 2:13 | Create | Villager (Male) |
| 2:13 | Create | Villager (Male) |
| 2:42 | Build | Lumber Camp |
| 2:47 | Create | Villager (Male) |
| 2:48 | Create | Villager (Male) |
| 3:10 | Create | Villager (Male) |
| 3:10 | Create | Villager (Male) |
| 3:11 | Create | Villager (Male) |
| 3:35 | Create | Villager (Male) |
| 3:35 | Create | Villager (Male) |
| 4:03 | Build | House |
| 4:05 | Create | Villager (Male) |
| 4:05 | Create | Villager (Male) |
| 4:51 | Create | Villager (Male) |
| 4:58 | Build | Mill |
| 5:40 | Create | Villager (Male) |
| 5:49 | Create | Villager (Male) |
| 6:04 | Build | House |
| 6:23 | Create | Villager (Male) |
| 6:35 | Build | Mill |
| 6:51 | Create | Villager (Male) |
| 7:23 | Create | Villager (Male) |
| 7:30 | Create | Villager (Male) |
| 8:05 | Create | Villager (Male) |
| 8:24 | Build | House |
| 8:30 | Create | Villager (Male) |
| 8:48 | Build | Mining Camp |
| 8:57 | Create | Villager (Male) |
| 9:04 | Build | House |
| 9:20 | Create | Villager (Male) |
| 9:54 | Build | Mining Camp |
| 9:55 | Research | Feudal Age |
| 9:55 | Research | Feudal Age |
| 10:44 | Create | Villager (Male) |
| 10:45 | Create | Villager (Male) |
| 11:23 | Build | Farm |
| 11:23 | Build | Farm |
| 11:29 | Build | Farm |
| 11:30 | Build | Farm |
| 12:23 | Age | Feudal Age |
| 12:26 | Build | Market |
| 12:28 | Build | Blacksmith |
| 13:14 | Research | Castle Age |
| 13:15 | Research | Castle Age |
| 13:15 | Research | Castle Age |
| 13:15 | Research | Castle Age |
| 13:16 | Research | Castle Age |
| 13:36 | Research | Double-Bit Axe |
| 13:36 | Research | Double-Bit Axe |
| 13:45 | Research | Horse Collar |
| 14:03 | Build | Farm |
| 14:04 | Build | Farm |
| 14:09 | Research | Gold Mining |
| 14:10 | Research | Gold Mining |
| 14:48 | Create | Villager (Male) |
| 15:54 | Age | Castle Age |
| 16:01 | Build | Monastery |
| 16:08 | Create | Villager (Male) |
| 16:23 | Create | Villager (Male) |
| 16:25 | Research | Fletching |
| 16:36 | Build | House |
| 16:46 | Create | Villager (Male) |
| 16:49 | Build | Farm |
| 16:51 | Build | Farm |
| 16:53 | Create | Monk |
| 16:54 | Create | Monk |
| 17:01 | Create | Villager (Male) |
| 17:27 | Build | Castle |
| 17:32 | Create | Villager (Male) |
| 17:38 | Build | Farm |
| 17:39 | Build | Farm |
| 17:42 | Build | Farm |
| 17:43 | Build | Farm |
| 17:53 | Build | Mining Camp |
| 18:03 | Build | Siege Workshop |
| 18:06 | Build | House |
| 18:17 | Create | Monk |
| 18:24 | Create | Villager (Male) |
| 18:35 | Build | Farm |
| 18:36 | Build | Farm |
| 18:36 | Create | Villager (Male) |
| 18:47 | Build | Gate |
| 19:05 | Create | Mangonel |
| 19:06 | Create | Mangonel |
| 19:13 | Create | Plumed Archer |
| 19:13 | Create | Plumed Archer |
| 19:40 | Create | Villager (Male) |
| 19:41 | Create | Villager (Male) |
| 19:42 | Create | Plumed Archer |
| 19:43 | Create | Plumed Archer |
| 19:47 | Build | House |
| 19:47 | Build | House |
| 20:01 | Build | Farm |
| 20:04 | Build | Farm |
| 20:05 | Create | Villager (Male) |
| 20:13 | Create | Plumed Archer |
| 20:13 | Create | Plumed Archer |
| 20:18 | Create | Plumed Archer |
| 20:18 | Create | Plumed Archer |
| 20:32 | Create | Villager (Male) |
| 20:35 | Build | House |
| 20:38 | Create | Plumed Archer |
| 20:51 | Create | Plumed Archer |
| 21:05 | Research | Bodkin Arrow |
| 21:05 | Research | Bodkin Arrow |
| 21:05 | Research | Bodkin Arrow |
| 21:28 | Create | Plumed Archer |
| 21:29 | Create | Villager (Male) |
| 21:30 | Create | Villager (Male) |
| 21:54 | Create | Plumed Archer |
| 21:57 | Create | Petard |
| 21:57 | Create | Petard |
| 22:04 | Create | Villager (Male) |
| 22:07 | Build | Farm |
| 22:07 | Build | Farm |
| 22:26 | Create | Plumed Archer |
| 22:41 | Create | Plumed Archer |
| 22:41 | Create | Villager (Male) |
| 23:14 | Create | Plumed Archer |
| 23:14 | Create | Plumed Archer |
| 23:14 | Create | Villager (Male) |
| 23:15 | Create | Villager (Male) |
| 23:15 | Create | Villager (Male) |
| 24:29 | Create | Plumed Archer |
| 24:29 | Create | Plumed Archer |
| 24:58 | Research | Imperial Age |
| 24:58 | Research | Imperial Age |
| 24:58 | Research | Imperial Age |
| 25:00 | Create | Plumed Archer |
| 25:00 | Create | Plumed Archer |
| 25:34 | Create | Plumed Archer |
| 25:35 | Create | Plumed Archer |
| 25:52 | Create | Plumed Archer |
| 26:06 | Research | Padded Archer Armor |
| 26:06 | Research | Padded Archer Armor |
| 26:13 | Create | Plumed Archer |
| 26:31 | Create | Plumed Archer |
| 26:32 | Create | Plumed Archer |
| 26:41 | Create | Plumed Archer |
Build order — Lightning
First 150 of 410 actions detected
| 0:00 | Create | Villager (Male) |
| 0:01 | Create | Villager (Male) |
| 0:01 | Create | Villager (Male) |
| 0:01 | Create | Villager (Male) |
| 0:02 | Create | Villager (Male) |
| 0:04 | Build | House |
| 0:06 | Build | House |
| 1:02 | Build | Mill |
| 1:37 | Create | Villager (Male) |
| 1:37 | Create | Villager (Male) |
| 2:11 | Create | Villager (Male) |
| 2:11 | Create | Villager (Male) |
| 2:42 | Create | Villager (Male) |
| 2:43 | Create | Villager (Male) |
| 3:02 | Build | House |
| 3:06 | Create | Villager (Male) |
| 3:06 | Create | Villager (Male) |
| 3:06 | Create | Villager (Male) |
| 3:22 | Create | Villager (Male) |
| 3:23 | Create | Villager (Male) |
| 3:45 | Create | Villager (Male) |
| 3:46 | Create | Villager (Male) |
| 3:46 | Create | Villager (Male) |
| 4:16 | Create | Villager (Male) |
| 4:16 | Create | Villager (Male) |
| 4:54 | Create | Villager (Male) |
| 4:54 | Create | Villager (Male) |
| 4:54 | Create | Villager (Male) |
| 4:58 | Create | Villager (Male) |
| 4:58 | Create | Villager (Male) |
| 5:31 | Build | House |
| 6:50 | Create | Villager (Male) |
| 6:50 | Create | Villager (Male) |
| 6:50 | Create | Villager (Male) |
| 7:32 | Build | Lumber Camp |
| 8:05 | Research | Feudal Age |
| 8:05 | Research | Feudal Age |
| 8:19 | Build | Mill |
| 8:56 | Build | House |
| 9:20 | Build | Mining Camp |
| 10:04 | Create | Villager (Male) |
| 10:04 | Create | Villager (Male) |
| 10:17 | Age | Feudal Age |
| 11:03 | Create | Villager (Male) |
| 11:08 | Create | Villager (Male) |
| 11:08 | Create | Villager (Male) |
| 11:12 | Build | Farm |
| 11:15 | Build | Farm |
| 11:18 | Build | Farm |
| 11:32 | Build | Farm |
| 11:34 | Build | Farm |
| 11:37 | Research | Horse Collar |
| 11:37 | Research | Horse Collar |
| 11:40 | Research | Double-Bit Axe |
| 11:42 | Create | Villager (Male) |
| 11:42 | Research | Loom |
| 11:49 | Build | House |
| 12:44 | Create | Villager (Male) |
| 12:52 | Build | Barracks |
| 13:00 | Build | Market |
| 13:05 | Build | Farm |
| 13:06 | Build | Farm |
| 13:10 | Create | Villager (Male) |
| 13:13 | Build | Farm |
| 13:29 | Create | Villager (Male) |
| 13:35 | Build | Farm |
| 13:48 | Build | House |
| 13:54 | Create | Villager (Male) |
| 13:57 | Build | House |
| 14:30 | Create | Villager (Male) |
| 14:34 | Build | Stable |
| 14:48 | Create | Villager (Male) |
| 14:54 | Build | House |
| 15:21 | Research | Castle Age |
| 15:21 | Research | Castle Age |
| 15:25 | Build | Stable |
| 15:27 | Research | Bloodlines |
| 15:40 | Build | Farm |
| 16:07 | Build | House |
| 16:09 | Build | House |
| 16:18 | Create | Scout Cavalry |
| 16:19 | Create | Scout Cavalry |
| 16:24 | Create | Camel Scout |
| 16:24 | Create | Camel Scout |
| 16:24 | Create | Camel Scout |
| 16:32 | Create | Scout Cavalry |
| 16:32 | Create | Scout Cavalry |
| 17:28 | Create | Scout Cavalry |
| 17:28 | Create | Scout Cavalry |
| 17:28 | Create | Scout Cavalry |
| 17:29 | Create | Villager (Male) |
| 17:30 | Create | Villager (Male) |
| 18:01 | Age | Castle Age |
| 18:04 | Build | Blacksmith |
| 18:10 | Build | Town Center |
| 18:13 | Create | Villager (Male) |
| 18:24 | Create | Shrivamsha Rider |
| 18:24 | Create | Shrivamsha Rider |
| 18:24 | Create | Shrivamsha Rider |
| 18:57 | Build | House |
| 19:01 | Create | Villager (Male) |
| 19:01 | Create | Villager (Male) |
| 19:01 | Create | Villager (Male) |
| 19:01 | Create | Villager (Male) |
| 19:04 | Build | Farm |
| 19:06 | Build | Farm |
| 19:07 | Build | Farm |
| 19:10 | Build | Farm |
| 19:20 | Create | Shrivamsha Rider |
| 19:21 | Create | Shrivamsha Rider |
| 19:21 | Create | Shrivamsha Rider |
| 19:21 | Create | Shrivamsha Rider |
| 19:36 | Create | Villager (Male) |
| 19:57 | Build | House |
| 20:00 | Build | Farm |
| 20:02 | Create | Villager (Male) |
| 20:02 | Create | Villager (Male) |
| 20:02 | Create | Villager (Male) |
| 20:06 | Build | Farm |
| 20:07 | Build | Farm |
| 20:08 | Build | Farm |
| 20:10 | Create | Villager (Male) |
| 20:10 | Create | Villager (Male) |
| 20:28 | Create | Camel Scout |
| 20:28 | Create | Camel Scout |
| 20:54 | Create | Villager (Male) |
| 20:55 | Create | Villager (Male) |
| 20:55 | Create | Villager (Male) |
| 20:55 | Create | Villager (Male) |
| 20:55 | Create | Villager (Male) |
| 20:57 | Build | Farm |
| 20:58 | Build | Farm |
| 21:08 | Build | Town Center |
| 21:13 | Build | House |
| 21:14 | Build | House |
| 21:41 | Create | Villager (Male) |
| 21:41 | Create | Villager (Male) |
| 21:41 | Create | Villager (Male) |
| 21:42 | Create | Villager (Male) |
| 22:07 | Create | Shrivamsha Rider |
| 22:08 | Create | Shrivamsha Rider |
| 22:14 | Build | House |
| 22:15 | Build | House |
| 22:24 | Research | Wheelbarrow |
| 22:29 | Build | Farm |
| 22:30 | Build | Farm |
| 22:32 | Build | Farm |
| 22:34 | Build | Farm |
| 22:41 | Create | Villager (Male) |
| 22:41 | Create | Villager (Male) |
Match timeline
| 8:59 | bfish · age_up feudal |
| 9:44 | Fluffy Chirp · age_up feudal |
| 9:54 | avatar_tp · first_building Barracks |
| 10:17 | Lightning · age_up feudal |
| 10:31 | Fs.Diablo · age_up feudal |
| 10:38 | Fluffy Chirp · first_market_sell 100 stone |
| 10:57 | JadeArrowGamer · age_up feudal |
| 11:09 | the_llamatoast · age_up feudal |
| 11:25 | avatar_tp · age_up feudal |
| 11:50 | avatar_tp · first_building Stable |
| 12:23 | NaaVyii_ · age_up feudal |
| 12:52 | Lightning · first_building Barracks |
| 13:25 | JadeArrowGamer · first_building Barracks |
| 13:43 | Fluffy Chirp · age_up castle |
| 14:06 | Lightning · first_market_buy 100 food |
| 14:26 | Fs.Diablo · age_up castle |
| 14:31 | JadeArrowGamer · age_up castle |
| 14:33 | JadeArrowGamer · first_building Siege Workshop |
| 14:34 | Lightning · first_building Stable |
| 14:42 | Fluffy Chirp · first_building Castle |
| 15:10 | bfish · wall_segment Palisade Wall x1 |
| 15:10 | avatar_tp · age_up castle |
| 15:15 | the_llamatoast · age_up castle |
| 15:16 | the_llamatoast · first_building Castle |
| 15:54 | NaaVyii_ · age_up castle |
| 16:01 | NaaVyii_ · first_building Monastery |
| 16:02 | bfish · first_market_sell 100 food |
| 16:03 | bfish · first_market_buy 100 stone |
| 16:56 | JadeArrowGamer · first_building Monastery |
| 16:58 | the_llamatoast · first_market_sell 100 wood |
| 17:27 | NaaVyii_ · first_building Castle |
| 18:01 | Lightning · age_up castle |
| 18:03 | NaaVyii_ · first_building Siege Workshop |
| 18:24 | Fs.Diablo · first_market_buy 100 food |
| 18:51 | Fs.Diablo · first_building Monastery |
| 18:58 | NaaVyii_ · first_market_sell 100 food |
| 19:37 | Fs.Diablo · first_building Siege Workshop |
| 19:39 | Fluffy Chirp · first_building Monastery |
| 21:43 | JadeArrowGamer · first_building Archery Range |
| 21:57 | avatar_tp · first_market_buy 100 food |
| 22:41 | bfish · age_up castle |
| 23:21 | bfish · first_building Siege Workshop |
| 24:24 | the_llamatoast · first_market_buy 100 food |
| 25:16 | avatar_tp · first_market_sell 100 food |
| 25:30 | JadeArrowGamer · first_building Castle |
| 26:16 | Fs.Diablo · first_building Barracks |
| 26:26 | bfish · first_building Barracks |
| 27:04 | NaaVyii_ · first_market_buy 100 stone |
| 27:14 | bfish · first_building Stable |
| 27:19 | Fs.Diablo · first_building Stable |
| 27:49 | Fs.Diablo · first_building Castle |
| 27:50 | JadeArrowGamer · wall_segment Palisade Wall x1 |
| 28:08 | NaaVyii_ · age_up imperial |
| 28:30 | bfish · first_building Castle |
| 28:48 | bfish · age_up imperial |
| 29:29 | the_llamatoast · first_building Siege Workshop |
| 30:45 | Fluffy Chirp · first_market_buy 100 food |
| 30:47 | avatar_tp · first_building Monastery |
| 31:10 | Lightning · first_building Castle |
| 32:26 | Lightning · first_building Monastery |
| 32:48 | Lightning · first_building Siege Workshop |
| 33:27 | Lightning · first_market_sell 500 food |
| 34:19 | Fluffy Chirp · first_building Barracks |
| 34:32 | the_llamatoast · first_building Barracks |
| 34:40 | the_llamatoast · age_up imperial |
| 34:41 | Fs.Diablo · age_up imperial |
| 34:51 | Fluffy Chirp · first_building Archery Range |
| 35:11 | Fluffy Chirp · age_up imperial |
| 35:22 | avatar_tp · age_up imperial |
| 35:39 | JadeArrowGamer · age_up imperial |
| 36:17 | avatar_tp · first_building Castle |
| 36:39 | Lightning · age_up imperial |
| 36:46 | bfish · tribute_sent a jugador 2 |
| 36:46 | bfish · tribute_sent a jugador 3 |
| 36:46 | bfish · tribute_sent a jugador 4 |
| 36:46 | bfish · tribute_sent a jugador 5 |
| 36:46 | bfish · tribute_sent a jugador 6 |
| 36:46 | bfish · tribute_sent a jugador 7 |
| 36:46 | bfish · tribute_sent a jugador 8 |
| 37:31 | Fluffy Chirp · wall_segment Stone Wall x2 |
| 37:36 | Fluffy Chirp · wall_segment Stone Wall x3 |
| 37:43 | Fluffy Chirp · wall_segment Stone Wall x5 |
| 38:02 | Fluffy Chirp · wall_segment Stone Wall x4 |
| 38:32 | Fluffy Chirp · wall_segment Stone Wall x4 |
| 38:51 | avatar_tp · first_building Siege Workshop |
| 39:12 | Fluffy Chirp · wall_segment Stone Wall x1 |
| 39:17 | Fluffy Chirp · wall_segment Stone Wall x4 |
| 39:22 | Fluffy Chirp · wall_segment Stone Wall x1 |
| 39:27 | Fluffy Chirp · wall_segment Stone Wall x1 |
| 39:31 | Fluffy Chirp · wall_segment Stone Wall x2 |
| 39:35 | Fluffy Chirp · wall_segment Stone Wall x1 |
| 39:38 | Lightning · resign |
[ AI ANALYSIS · 1 CREDIT ]
What really happened in this match?
Wolo.gg analyzes every decision: build order, eco, micro, common mistakes by bracket. Personalized analysis on WhatsApp or Discord in 30 seconds.
Civ guide
Sicilians
Perfil
avatar_tp